AoeStats
← 小叶锤你脑瓜

Four Lakes

510095495Analyzed
1v1 RM · 3d ago on Sep 29, 2026· 42m 4s· 2 players
Game mode
Random Map
Map size
Tiny (2 player)
Population
200
Speed
Normal
Resources
Standard
Victory
Conquest
Starting age
Dark Age
Ending age
Imperial Age
RankedLock teamsTeams togetherTeam positionsShared explorationLock speedFull tech treeHidden civsTurbo modeCheats
Victory
Defeat
🇨🇳 Saracens · China
968
+16
🇫🇷 Franks · France
960
-16
Rollertoto
7:27 Loom
9:54 Feudal Age
10:55 Town Watch
12:41 Forging
12:37 Scale Barding Armor
20:30 Castle Age
18:30 Double-Bit Axe
19:05 Gold Mining
22:03 Wheelbarrow
21:46 Bow Saw
22:23 Husbandry
24:19 Iron Casting
32:34 Pikeman
36:05 Imperial Age
34:19 Chain Barding Armor
33:59 Scale Mail Armor
38:39 Blast Furnace
38:50 Plate Barding Armor
38:01 Cavalier
小叶锤你脑瓜
11:24 Feudal Age
14:14 Double-Bit Axe
19:55 Castle Age
19:51 Bloodlines
19:55 Scale Barding Armor
21:58 Husbandry
23:20 Loom
25:58 Wheelbarrow
25:02 Pikeman
26:24 Forging
32:52 Imperial Age
31:14 Chain Barding Armor
31:08 Crossbowman
32:46 Thumb Ring
34:03 Bow Saw
33:55 Horse Collar
36:09 Conscription
37:12 Counterweights
36:55 Fletching
37:43 Iron Casting
39:21 Bimaristan
41:16 Heavy Camel Rider
Connection lost

Rejoining the realm…

Still unreachable

The connection could not be restored.

Session expired

The server has moved on; the page needs a fresh start.